 Dungeon Crawl Stone Soup version 0.30-b1-2-g02819fbbbe (webtiles) character file.

Game seed: 8387874439619785554

71 Ashen the Chopper (level 4, -2/41 HPs)
             Began as a Hill Orc Monk on June 25, 2023.
             Slain by Natasha (8 damage)
             ... on level 2 of the Dungeon.
             The game lasted 00:02:00 (1120 turns).

Ashen the Chopper (Hill Orc Monk)                   Turns: 1120, Time: 00:02:01

Health: -2/41      AC:  4    Str: 15    XL:     4   Next: 24%
Magic:  4/4        EV: 12    Int: 10    God:
Gold:   107        SH:  0    Dex: 13    Spells: 3/3 levels left

rFire   . . .        e - +2 whip (holy)
rCold   . . .        d - orb {light}
rNeg    . . .        b - +0 robe
rPois   .            h - +2 hat
rElec   .            (no cloak)
rCorr   .            (no gloves)
SInv    .            (no boots)
Will    .....        (no amulet)
Stlth   +            (no ring)
HPRegen 0.26/turn    (no ring)
MPRegen 0.09/turn

%: no passive effects
@: confused, ambrosia-drunk, glowing
A: no striking features
a: no special abilities


You were on level 2 of the Dungeon.
You visited 1 branch of the dungeon, and saw 2 of its levels.

You collected 107 gold pieces.

Inventory:

Hand Weapons
 a - a +0 hand axe
 e - a +2 whip of holy wrath (weapon)
Armour
 b - a +0 robe (worn)
 d - an orb of light (worn)
 h - a +2 hat (worn)
Potions
 f - a potion of flight {unknown}
 g - a potion of attraction {unknown}
 i - a potion of heal wounds {unknown}


   Skills:
 + Level 4.3 Fighting
 + Level 4.7 Axes
 + Level 1.8 Armour
 + Level 2.9 Dodging


You had 3 spell levels left.
You didn't know any spells.
Your spell library was empty.

Dungeon Overview and Level Annotations

Branches:
Dungeon (2/15)

Altars:

Annotations:
D:2 Natasha


Message History

The magic dart hits you but does no damage.
The cerulean imp hits you from afar with a +2 spear.
You hit Natasha but do no damage.
Natasha is heavily wounded.
Natasha closely misses you.
The cerulean imp hits you but does no damage.
You barely miss Natasha.
Natasha is heavily wounded.
Natasha stares at you and mumbles some strange words.
The magic dart hits you!
* * * LOW HITPOINT WARNING * * *
The cerulean imp hits you from afar with a +2 spear.
* * * LOW HITPOINT WARNING * * *
You barely miss Natasha.
Natasha is heavily wounded.
Natasha claws you.
* * * LOW HITPOINT WARNING * * *
The cerulean imp hits you from afar with a +2 spear.
* * * LOW HITPOINT WARNING * * *
Unknown command.
You are confused.
You feel invigorated.
Natasha mumbles some strange words.
The cerulean imp barely misses you.
You closely miss Natasha.
Natasha is heavily wounded.
Natasha closely misses you.
The cerulean imp hits you from afar with a +2 spear!
* * * LOW HITPOINT WARNING * * *
The cerulean imp hits you with a +1 spear.
* * * LOW HITPOINT WARNING * * *
You hit Natasha.
Natasha is almost dead.
Natasha barely misses you. The cerulean imp misses you.
The cerulean imp hits you with a +1 spear.
* * * LOW HITPOINT WARNING * * *
You bump into the rock wall.
The cerulean imp disappears in a puff of smoke!
Natasha claws you!
You die...

...........##....# # ##...
................. ..##...
...............# #...#..
......#.#..#.### #....#
.............# #.....
#.....#.##.### .......
#...###.##§# ........
#...###.##h# . .<.....
........##@# #.. .......
..#.###..#5###.... .#.....
...###........... #.....
.............####.###.....
.........###.......#####..
..#.#.....................
........########......♣♣♣.
..#.......##.........♣..♣♣
.....#...............♣♣..♣


You could see Natasha and a cerulean imp (summoned).

Vanquished Creatures
  Natasha (twice) (D:2)
  An adder (D:2)
  An endoplasm (D:1)
  2 goblins (D:1)
  2 hobgoblins (D:1)
  2 ball pythons
  A bat (D:1)
  A frilled lizard (D:1)
  3 kobolds (D:1)
  A rat (D:1)
16 creatures vanquished.

Notes
Turn   | Place    | Note
-------+----------+-------------------------------------------
     0 | D:1      | Ashen the Hill Orc Monk began the quest for the Orb.
     0 | D:1      | Reached XP level 1. HP: 19/19 MP: 1/1
   122 | D:1      | Reached XP level 2. HP: 12/27 MP: 2/2
   810 | D:2      | Noticed Natasha
   818 | D:2      | Killed Natasha
   819 | D:2      | Reached skill level 1 in Armour
   819 | D:2      | Reached XP level 3. HP: 19/33 MP: 3/3
   919 | D:2      | Noticed Natasha
   928 | D:2      | Killed Natasha
   929 | D:2      | Reached XP level 4. HP: 19/40 MP: 4/4
  1026 | D:2      | Found a faded altar of an unknown god.
  1094 | D:2      | Noticed Natasha
  1116 | D:2      | HP: 1/41 [cerulean imp/+2 spear[Natasha] (3)]
  1120 | D:2      | Slain by Natasha

Illustrated notes

Levels and vault maps discovered:
D:1:      psy_arrival_radial02, layout_loops_ring
D:2:      layout_rooms, shapermc_ecumenical_altar_totnotflames, feat_on_display,
          uniq_natasha, uniq_sigmund

Skill      XL: |  1  2 |
---------------+-------+-----
Fighting       | 4 |  4.3
Armour         | 1 |  1.8
Axes           | |  4.7
Dodging        | |  2.9

Action                     |  1- 3 |  4- 6 || total
---------------------------+-------+-------++-------
  Melee: Whip              |    42 |    16 ||    58
         Hand axe          |     5 |       ||     5
    Use: Potion            |       |     1 ||     1
 Armour: Robe              |     9 |     2 ||    11
  Dodge: Dodged            |    19 |    13 ||    32
